[Event "Saturday 20 January Rapid Engine Tour 12+1 Rounds 9 Starts 1600 ST"]
[Site "Infinity Chess"]
[Date "2018.1.20"]
[Round "5"]
[White "OlivierEvan"]
[Black "tris77"]
[Result "1/2-1/2"]
[ECO "B90"]
[WhiteElo "2388"]
[BlackElo "2338"]
[WhiteEngine "Houdini 6"]
[BlackEngine "Raubfisch ME262_GTZ16b2_CTG"]
[EventType "Swiss"]
[WhiteTeam ""]
[BlackTeam ""]
[PlyCount "116"]
[TimeControl "720+1"]

1. e4 c5 2. Nf3 d6 3. d4 cxd4 4. Nxd4 Nf6 5. Nc3 a6 6. Be3 e5 7. Nb3 Be6 
8. f3 Be7 9. Qd2 O-O 10. O-O-O Nbd7 11. g4 b5 12. g5 Nh5 13. Nd5 Bxd5 
14. exd5 f6 15. gxf6 Bxf6 16. Na5 Qe8 17. Bh3 Nf4 18. Bxf4 exf4 19. Rhe1 Ne5 
20. Re4 Kh8 21. Qe2 Qh5 22. Be6 Bd8 23. Nc6 Nc4 24. Kb1 Bb6 25. a4 Qg5 
26. Bd7 Ne3 27. a5 Bd8 28. Rd2 Bf6 29. c3 g6 30. Qf2 Rf7 31. Be6 Rc7 32. Bg4 Rf8 
33. Bh3 Kg7 34. Be6 Re8 35. Qe1 h6 36. Ka2 h5 37. Qb1 Kh7 38. Qd3 Bg7 
39. Rf2 Kh6 40. Re2 Rf8 41. Re1 Qg2 42. Qe2 Qxe2 43. Rxe2 g5 44. h3 Bh8 
45. Kb1 Nc4 46. Kc2 Kg6 47. Rh2 Be5 48. Rh1 Ne3+ 49. Kd3 Kf6 50. h4 Rxc6 
51. hxg5+ Ke7 52. g6 Rfc8 53. Rxh5 Rxc3+ 54. bxc3 Rxc3+ 55. Ke2 Rc2+ 
56. Kd3 Rc3+ 57. Ke2 Rc2+ 58. Kd3 Rc3+ 1/2-1/2

[Event "Saturday 20 January Rapid Engine Tour 12+1 Rounds 9 Starts 1600 ST"]
[Site "Infinity Chess"]
[Date "2018.1.20"]
[Round "5"]
[White "neófito"]
[Black "Gilgamesch"]
[Result "1/2-1/2"]
[ECO "C53"]
[WhiteElo "2418"]
[BlackElo "2480"]
[WhiteEngine "asmFishW_2018-01-12_bmi2"]
[BlackEngine "BrainFish_171005_x64_bmi2"]
[EventType "Swiss"]
[WhiteTeam ""]
[BlackTeam ""]
[PlyCount "43"]
[TimeControl "720+1"]

1. e4 e5 2. Nf3 Nc6 3. Bc4 Bc5 4. c3 Nf6 5. d3 a5 6. Bg5 d6 7. Nbd2 h6 8. Bh4 g5 
9. Bg3 O-O 10. a4 Nh5 11. Nf1 Qf6 12. Ne3 Bxe3 13. fxe3 Nxg3 14. hxg3 Qg6 
15. Qc2 Nb8 16. O-O-O Nd7 17. d4 Kg7 18. Rhf1 Nb6 19. Be2 Nd7 20. Bc4 Nb6 
21. Be2 Nd7 22. Bc4 1/2-1/2

[Event "Saturday 20 January Rapid Engine Tour 12+1 Rounds 9 Starts 1600 ST"]
[Site "Infinity Chess"]
[Date "2018.1.20"]
[Round "5"]
[White "BraveDevil"]
[Black "Satria_Ungu"]
[Result "1/2-1/2"]
[ECO "A40"]
[WhiteElo "2375"]
[BlackElo "2416"]
[WhiteEngine "Cryptic AIL V1"]
[BlackEngine "Houdini 6_CTG"]
[EventType "Swiss"]
[WhiteTeam ""]
[BlackTeam ""]
[PlyCount "112"]
[TimeControl "720+1"]

1. d4 c6 2. e4 d5 3. Nc3 dxe4 4. Nxe4 Bf5 5. Ng3 Bg6 6. Nf3 e6 7. Bd3 Nf6 
8. c3 Bxd3 9. Qxd3 Nbd7 10. O-O Be7 11. c4 O-O 12. Re1 Qc7 13. b3 a5 
14. Bd2 Rad8 15. Rad1 h6 16. Qc2 Bb4 17. Re2 Rfe8 18. Bc1 Bd6 19. Bb2 a4 
20. bxa4 Qa5 21. Ne5 Ra8 22. Nxd7 Nxd7 23. d5 cxd5 24. cxd5 exd5 25. Nf5 Bf8 
26. h3 Rac8 27. Qd3 Qxa4 28. Rde1 Rxe2 29. Rxe2 d4 30. Qxd4 Qxd4 31. Bxd4 Rc1+ 
32. Kh2 Rd1 33. Re8 g6 34. Rd8 gxf5 35. Rxd7 f6 36. f4 Rd2 37. Kg3 b5 
38. Rd8 Kf7 39. Bxf6 Rxa2 40. Be5 Ra3+ 41. Kh2 b4 42. g4 fxg4 43. hxg4 Re3 
44. Rb8 b3 45. Kg2 Ba3 46. Rb5 Ke6 47. Kf2 Rd3 48. f5+ Kd7 49. Ke2 Rh3 
50. Rb6 b2 51. Kd2 h5 52. gxh5 Rxh5 53. Bxb2 Bxb2 54. Rxb2 Rh2+ 55. Kc1 Rh1+ 
56. Kc2 Rh2+ 1/2-1/2

[Event "Saturday 20 January Rapid Engine Tour 12+1 Rounds 9 Starts 1600 ST"]
[Site "Infinity Chess"]
[Date "2018.1.20"]
[Round "5"]
[White "Dovahkiin"]
[Black "MarioDeMonti"]
[Result "1/2-1/2"]
[ECO "A00"]
[WhiteElo "2443"]
[BlackElo "2437"]
[WhiteEngine "BrainFish_180113_x64_modern_CTG"]
[BlackEngine "stockfish_x64_bmi2_2018_01_13_CTG"]
[EventType "Swiss"]
[WhiteTeam ""]
[BlackTeam ""]
[PlyCount "88"]
[TimeControl "720+1"]

1. e3 e5 2. e4 Nf6 3. Nc3 Bc5 4. Bc4 O-O 5. Nf3 d6 6. d3 c6 7. a4 Re8 
8. O-O Nbd7 9. h3 h6 10. Be3 Bb4 11. Qb1 Nf8 12. Qa2 Re7 13. a5 Ng6 14. Qa4 Bxc3 
15. bxc3 Nh5 16. Rfe1 Re8 17. d4 exd4 18. cxd4 Rxe4 19. Bf1 Qc7 20. c4 Bd7 
21. Nd2 Re7 22. c5 d5 23. a6 bxa6 24. Qxa6 Nf6 25. Reb1 Be6 26. Qa5 Qd7 
27. Ra3 Ne4 28. Nf3 Rae8 29. Rba1 Ra8 30. Qa4 Qc7 31. Qc2 Bf5 32. Qa4 Be6 
33. Qc2 Bf5 34. Bd3 Ree8 35. Ra6 Bc8 36. R6a5 Bf5 37. R5a3 Re7 38. Ra5 Ree8 
39. R5a3 Re7 40. Ra6 Bc8 41. R6a4 Bf5 42. Ra6 Bc8 43. R6a2 Bd7 44. Ra6 Bc8 
1/2-1/2

[Event "Saturday 20 January Rapid Engine Tour 12+1 Rounds 9 Starts 1600 ST"]
[Site "Infinity Chess"]
[Date "2018.1.20"]
[Round "5"]
[White "Cepri"]
[Black "Thinker"]
[Result "1/2-1/2 "]
[ECO "C50"]
[WhiteElo "2441"]
[BlackElo "2424"]
[WhiteEngine "asmFishW_12J18Mb_CTG"]
[BlackEngine "BrainFish_180113_x64_modern_CTG"]
[EventType "Swiss"]
[WhiteTeam ""]
[BlackTeam ""]
[PlyCount "190"]
[TimeControl "720+1"]

1. e4 e5 2. Nf3 Nc6 3. Bc4 Bc5 4. d3 Nf6 5. c3 O-O 6. O-O d6 7. h3 a6 8. Re1 Ba7 
9. a4 h6 10. Nbd2 Re8 11. b4 Be6 12. Bxe6 Rxe6 13. Qc2 Qd7 14. Nf1 d5 
15. Be3 Bxe3 16. Nxe3 Rd8 17. b5 Ne7 18. c4 d4 19. Nd5 Ng6 20. Rab1 Rb8 
21. g3 Qd8 22. Nxf6+ Rxf6 23. Kg2 Ra8 24. Rb2 Qc8 25. Reb1 a5 26. Nh2 Qe8 
27. c5 Qe7 28. Qb3 Rd8 29. Rc1 h5 30. h4 Nf8 31. Nf3 Rg6 32. Qc2 Ne6 33. Kg1 Qf6 
34. Qd1 Rb8 35. Kf1 Ra8 36. Rbc2 Rd8 37. Kg2 Re8 38. Kg1 Nf4 39. Kh2 Ne6 
40. Kg2 Rd8 41. Kh1 Re8 42. Kh2 Rh6 43. Rb1 Rg6 44. Kh1 Rh6 45. Kg1 Ra8 
46. Kh2 Rg6 47. Qe2 Re8 48. Kh1 Rh6 49. Qd1 Ra8 50. Kg1 Rd8 51. Kh2 Ra8 
52. Rcc1 Rb8 53. Kg2 Rd8 54. Kf1 Re8 55. Ke1 Qe7 56. Nxe5 Nxc5 57. f4 Re6 
58. Kf2 Rxe5 59. fxe5 Qxe5 60. Qc2 b6 61. Kg2 f5 62. exf5 Qe2+ 63. Qxe2 Rxe2+ 
64. Kh3 Nxd3 65. Rxc7 Nf2+ 66. Kg2 d3 67. Ra1 Rb2 68. Kf3 d2 69. Rd7 d1=B+ 
70. Raxd1 Nxd1 71. Rxd1 Rb4 72. Rd6 Rxa4 73. Rxb6 Rb4 74. Rb7 a4 75. Ra7 Rxb5 
76. Kf4 Rb4+ 77. Ke5 Kf8 78. Ra8+ Ke7 79. Ra7+ Kf8 80. f6 Rb5+ 81. Kf4 gxf6 
82. Rxa4 Kg7 83. Ra7+ Kg6 84. Ra3 Kh6 85. Ra4 Kg7 86. Ke3 Rb3+ 87. Kf4 Kg6 
88. Ra6 Rb4+ 89. Kf3 Rb3+ 90. Kf2 Rb2+ 91. Kf3 Rb3+ 92. Kf4 Rb2 93. Ra4 Rb5 
94. Ra6 Kf7 95. Ke4 Rb4+ 1/2-1/2

[Event "Saturday 20 January Rapid Engine Tour 12+1 Rounds 9 Starts 1600 ST"]
[Site "Infinity Chess"]
[Date "2018.1.20"]
[Round "5"]
[White "SkyPilot"]
[Black "KULLANI"]
[Result "1-0"]
[ECO "C50"]
[WhiteElo "2447"]
[BlackElo "2446"]
[WhiteEngine "stockfish_x64_bmi2_2018_01_13_CTG"]
[BlackEngine "BrainFish_180113_x64_CTG"]
[EventType "Swiss"]
[WhiteTeam ""]
[BlackTeam ""]
[PlyCount "141"]
[TimeControl "720+1"]

1. e4 e5 2. Nf3 Nc6 3. Bc4 Bc5 4. O-O Nf6 5. d3 O-O 6. c3 d5 7. exd5 Nxd5 
8. a4 a6 9. Nbd2 Kh8 10. Ne4 Ba7 11. Re1 f6 12. b4 Bf5 13. Bd2 Qd7 14. h3 Rad8 
15. b5 Na5 16. Ba2 Nf4 17. Bxf4 exf4 18. d4 Rfe8 19. Neg5 fxg5 20. Ne5 Rxe5 
21. Rxe5 axb5 22. Qh5 Rf8 23. axb5 Bg6 24. Qxg5 Qd8 25. Qg4 Qd6 26. Rg5 Bb6 
27. Re1 f3 28. g3 c6 29. Be6 Bxd4 30. Qxd4 Qxd4 31. cxd4 Re8 32. Re3 cxb5 
33. Rxb5 Nc6 34. d5 Nd8 35. Bg4 Kg8 36. d6 Kf8 37. Rc5 Rxe3 38. fxe3 Nc6 
39. Kf2 Be4 40. Bxf3 Bxf3 41. Kxf3 Kf7 42. Rb5 Nd8 43. Re5 Nc6 44. Re4 Nb8 
45. Re7+ Kf6 46. Rxb7 Nc6 47. Ke4 Ke6 48. Rxg7 Kxd6 49. Rb7 Ke6 50. Rb6 Kd7 
51. Rxc6 Kxc6 52. Kf4 Kd5 53. Kf3 Ke5 54. g4 Ke6 55. e4 Ke5 56. h4 h6 
57. g5 hxg5 58. hxg5 Kd6 59. Kf4 Ke6 60. e5 Ke7 61. Kf5 Kf8 62. Kf6 Ke8 
63. g6 Kd8 64. e6 Kc7 65. g7 Kd6 66. e7 Kd7 67. g8=Q Kc6 68. e8=Q+ Kc5 
69. Qe5+ Kb4 70. Qgb8+ Ka3 71. Qa1# 1-0

[Event "Saturday 20 January Rapid Engine Tour 12+1 Rounds 9 Starts 1600 ST"]
[Site "Infinity Chess"]
[Date "2018.1.20"]
[Round "5"]
[White "hafaba"]
[Black "NINJA_JENGKA"]
[Result "1/2-1/2"]
[ECO "A40"]
[WhiteElo "2452"]
[BlackElo "2453"]
[WhiteEngine "Stockfish SL FA POPCNT_CTG"]
[BlackEngine "Houdini 6_CTG"]
[EventType "Swiss"]
[WhiteTeam ""]
[BlackTeam ""]
[PlyCount "144"]
[TimeControl "720+1"]

1. d4 c6 2. e4 d5 3. Nd2 dxe4 4. Nxe4 Bf5 5. Ng3 Bg6 6. Nf3 e6 7. Bd3 Nf6 
8. c3 Bxd3 9. Qxd3 Nbd7 10. Qe2 Qc7 11. O-O Be7 12. b3 O-O 13. c4 a5 14. a4 Rad8 
15. Bb2 Rfe8 16. Qc2 Bb4 17. Rfd1 Ng4 18. Ne4 f5 19. Nc3 Nh6 20. Na2 Be7 
21. Rd2 Bf6 22. Rad1 Nf7 23. Nc1 g5 24. h3 h5 25. Nh2 Bg7 26. Ne2 Nf6 27. Rd3 c5 
28. d5 e5 29. Nc3 e4 30. Re3 Qd7 31. Nb5 g4 32. hxg4 hxg4 33. d6 Nh5 34. Rd5 Nf4 
35. Rxc5 Bxb2 36. Qxb2 Nd3 37. Rxd3 exd3 38. Nf1 Re1 39. Qd2 Qe8 40. Qxd3 Qe4 
41. Rd5 Qxd3 42. Rxd3 Rb1 43. f4 gxf3 44. gxf3 Ng5 45. Kg2 Ne6 46. Kf2 Rb2+ 
47. Rd2 Rxd2+ 48. Nxd2 Kf7 49. Ke3 Kf6 50. f4 Rh8 51. Nf3 Rh3 52. Nc7 Nc5 
53. Ke2 Rg3 54. Nd4 Rg2+ 55. Ke3 Rg1 56. Nf3 Rd1 57. Nd2 Kf7 58. Ke2 Rg1 
59. Nf3 Rb1 60. Ng5+ Kg6 61. Nce6 Rb2+ 62. Kd1 Nd7 63. Nd4 b6 64. Nge6 Kf6 
65. Nc7 Kf7 66. Nd5 Rh2 67. Kc1 Rh1+ 68. Kc2 Rh2+ 69. Kc3 Rh3+ 70. Kc2 Rh2+ 
71. Kc3 Rh3+ 72. Kc2 Rh2+ 1/2-1/2

[Event "Saturday 20 January Rapid Engine Tour 12+1 Rounds 9 Starts 1600 ST"]
[Site "Infinity Chess"]
[Date "2018.1.20"]
[Round "5"]
[White "KhalidOmar"]
[Black "incredible"]
[Result "1-0"]
[ECO "A46"]
[WhiteElo "2454"]
[BlackElo "2449"]
[WhiteEngine "Eman 1.64b 64-bit BMI2"]
[BlackEngine "Stockfish_x64_bmi2"]
[EventType "Swiss"]
[WhiteTeam ""]
[BlackTeam ""]
[PlyCount "177"]
[TimeControl "720+1"]

1. d4 Nf6 2. Nf3 e6 3. c4 b6 4. a3 c5 5. d5 Ba6 6. Qc2 Qe7 7. Bg5 exd5 
8. Nc3 Bxc4 9. e4 h6 10. Bh4 g5 11. Bg3 Nc6 12. O-O-O Nd4 13. Nxd4 cxd4 
14. Bxc4 dxc3 15. exd5 cxb2+ 16. Kb1 Qxa3 17. Ba2 Bg7 18. Rd3 Qa5 19. Re3+ Kf8 
20. Bd6+ Kg8 21. Ra3 Ne4 22. Qxe4 Qd2 23. Bb4 Qd4 24. Qxd4 Bxd4 25. Rd1 Be5 
26. d6 Kg7 27. Bd5 Rac8 28. Rxa7 Rhd8 29. g3 f5 30. Ba3 Kf6 31. Bxb2 Bxb2 
32. Kxb2 Rc5 33. Bb3 Ra5 34. Rb7 Rb5 35. Rc7 Re5 36. Rd2 f4 37. Ba4 Ke6 
38. gxf4 gxf4 39. Bb3+ Kf6 40. Kc3 Re1 41. Ba4 Ke6 42. Bb3+ Kf6 43. Ba4 Ke6 
44. Rb7 Rc1+ 45. Kb2 Re1 46. Rxb6 Re4 47. Bc2 Re5 48. Rb7 Ra5 49. Bb3+ Ke5 
50. Kc3 Rc5+ 51. Kb4 Rc1 52. Rb5+ Ke4 53. Ka3 Kf3 54. Bd5+ Kg4 55. Be4 Rg1 
56. Rdd5 Ra8+ 57. Kb2 Re8 58. Bf5+ Kf3 59. Bxd7 Re2+ 60. Ka3 Ra1+ 61. Kb4 Ra6 
62. Bf5 Re8 63. d7 Rd8 64. Rd2 Kg2 65. Rc5 Rb8+ 66. Kc4 Ra4+ 67. Kd5 Ra1 
68. Rc8 Rb5+ 69. Kc4 Rxf5 70. Rg8+ Rg5 71. d8=Q f3 72. Rxg5+ hxg5 73. Rd1 Rxd1 
74. Qxd1 g4 75. h4 Kh2 76. Qxf3 gxf3 77. Kd3 Kg2 78. Ke3 Kh3 79. h5 Kg4 
80. h6 Kf5 81. h7 Ke6 82. Ke4 Kd6 83. h8=Q Kc5 84. Qf6 Kb4 85. Qd4+ Ka3 
86. Kd3 Ka2 87. Kc3 Kb1 88. Qd2 Ka1 89. Qb2# 1-0

[Event "Saturday 20 January Rapid Engine Tour 12+1 Rounds 9 Starts 1600 ST"]
[Site "Infinity Chess"]
[Date "2018.1.20"]
[Round "5"]
[White "Harry_Potter"]
[Black "Eman"]
[Result "1/2-1/2"]
[ECO "C65"]
[WhiteElo "2464"]
[BlackElo "2468"]
[WhiteEngine "BrainFish_180113_x64_bmi2_CTG"]
[BlackEngine "Eman 1.64b 64-bit POPCNT"]
[EventType "Swiss"]
[WhiteTeam ""]
[BlackTeam ""]
[PlyCount "145"]
[TimeControl "720+1"]

1. e4 e5 2. Nf3 Nc6 3. Bb5 Nf6 4. d3 Bc5 5. c3 O-O 6. O-O d6 7. h3 Bb6 
8. Re1 Ne7 9. d4 d5 10. Nxe5 Nxe4 11. Nd2 Nd6 12. Bf1 c6 13. b3 Re8 14. Ba3 Ng6 
15. Nxg6 Rxe1 16. Qxe1 hxg6 17. Nf3 a5 18. Bxd6 Qxd6 19. c4 Qd8 20. Qc3 Bc7 
21. g3 Bf5 22. Re1 Qd7 23. h4 a4 24. Re3 dxc4 25. bxc4 Re8 26. Rxe8+ Qxe8 
27. c5 f6 28. Qc4+ Kh7 29. Qxa4 Qe4 30. Qd1 Ba5 31. Kg2 Qd5 32. Bd3 Bg4 
33. Bc2 Bb4 34. a3 Bxa3 35. Qd3 Bf5 36. Qd1 Bb4 37. Qb1 Ba5 38. Bxf5 gxf5 
39. g4 Qe4 40. Qxe4 fxe4 41. Ng1 Kg6 42. Ne2 f5 43. f3 exf3+ 44. Kxf3 fxg4+ 
45. Kxg4 Kf6 46. Kf4 Kg6 47. Kg4 Kf6 48. Nf4 Be1 49. h5 Bd2 50. Ne2 Be1 
51. Ng1 Ke6 52. Kg5 Bd2+ 53. Kg6 Bh6 54. Ne2 Kd5 55. Kf5 Bd2 56. Kg6 Ke4 
57. Kxg7 Be3 58. Ng3+ Kf4 59. Nf1 Bxd4+ 60. Kg6 Bxc5 61. h6 Bd4 62. h7 b5 
63. Nd2 Bh8 64. Kf7 c5 65. Kg8 Bb2 66. Kf7 c4 67. Ke6 Ke3 68. Nb1 b4 69. Kd5 Kd3 
70. Nd2 Kxd2 71. Kxc4 Bc3 72. h8=Q Bxh8 73. Kxb4 1/2-1/2

[Event "Saturday 20 January Rapid Engine Tour 12+1 Rounds 9 Starts 1600 ST"]
[Site "Infinity Chess"]
[Date "2018.1.20"]
[Round "5"]
[White "angriff"]
[Black "Susanne"]
[Result "1/2-1/2"]
[ECO "B30"]
[WhiteElo "2466"]
[BlackElo "2470"]
[WhiteEngine "Raubfisch ME262_GTZ16b2_CTG"]
[BlackEngine "asmFishW_2018-01-12_bmi2_CTG"]
[EventType "Swiss"]
[WhiteTeam ""]
[BlackTeam ""]
[PlyCount "131"]
[TimeControl "720+1"]

1. e4 c5 2. Nf3 Nc6 3. Nc3 e6 4. d4 cxd4 5. Nxd4 Nf6 6. Nxc6 bxc6 7. e5 Nd5 
8. Ne4 Qc7 9. f4 Qa5+ 10. c3 Be7 11. Bd3 Ba6 12. O-O Qb6+ 13. Rf2 O-O 
14. Bxa6 Qxa6 15. b3 f6 16. exf6 Nxf6 17. Nxf6+ Rxf6 18. Be3 Rd8 19. Qe2 Qxe2 
20. Rxe2 c5 21. Bd2 Rf5 22. c4 Bf6 23. Rf1 Bd4+ 24. Be3 e5 25. g3 d5 
26. Bxd4 exd4 27. cxd5 Rfxd5 28. Re7 d3 29. Rd1 d2 30. h4 a5 31. Kf2 a4 
32. bxa4 Rd3 33. Re3 c4 34. Rxd3 Rxd3 35. Ke2 Rxg3 36. Rxd2 Ra3 37. Rd8+ Kf7 
38. Rd7+ Kg6 39. Ra7 Rxa2+ 40. Ke3 c3 41. Kd3 c2 42. Kd2 h6 43. a5 Kh5 44. a6 g6 
45. Ra8 Kxh4 46. a7 h5 47. Kc1 Kh3 48. Rg8 Rxa7 49. Rxg6 h4 50. f5 Ra1+ 
51. Kxc2 Kh2 52. Kd3 h3 53. f6 Rf1 54. Ke4 Ra1 55. f7 Rf1 56. Rg7 Rf2 
57. Kd5 Kh1 58. Rh7 h2 59. Rg7 Rf1 60. Rh7 Rf4 61. Ke6 Rf1 62. Rh6 Rf3 
63. Rf6 Rxf6+ 64. Kxf6 Kg1 65. f8=Q h1=Q 66. Qb8 1/2-1/2

[Event "Saturday 20 January Rapid Engine Tour 12+1 Rounds 9 Starts 1600 ST"]
[Site "Infinity Chess"]
[Date "2018.1.20"]
[Round "5"]
[White "Murx"]
[Black "Marsell"]
[Result "1/2-1/2"]
[ECO "A22"]
[WhiteElo "2482"]
[BlackElo "2480"]
[WhiteEngine "BrainFish_180113_x64_modern"]
[BlackEngine "asmFishW_2018-01-11_popcnt"]
[EventType "Swiss"]
[WhiteTeam ""]
[BlackTeam ""]
[PlyCount "130"]
[TimeControl "720+1"]

1. c4 e5 2. Nc3 Nf6 3. Nf3 Nc6 4. g3 d5 5. cxd5 Nxd5 6. Bg2 Nb6 7. d3 Be7 
8. Be3 O-O 9. O-O Be6 10. Rc1 f5 11. b4 a6 12. Bc5 Rb8 13. d4 e4 14. Bxb6 cxb6 
15. d5 exf3 16. Bxf3 Bf7 17. dxc6 Qxd1 18. Rfxd1 bxc6 19. Bxc6 Bxb4 20. Nd5 Bc5 
21. a4 a5 22. Nf4 g6 23. e3 Rbd8 24. Bb5 Kg7 25. Rxd8 Rxd8 26. Nd3 Rc8 
27. Kf1 Rc7 28. Nxc5 Rxc5 29. Rxc5 bxc5 30. Ke2 Kf6 31. Kd3 Ke5 32. Bc4 Be8 
33. f4+ Kd6 34. Bb3 Bc6 35. Bd1 Be4+ 36. Kd2 Kd5 37. Be2 Ke6 38. Bd1 Kf6 
39. Kc3 Bd5 40. Be2 Be6 41. Bc4 Bd7 42. Bb5 Be6 43. Ba6 Bd5 44. Bb5 Bf7 
45. Kd3 Be6 46. Kc3 Bd5 47. Be2 h6 48. Bd3 Kf7 49. h3 Kf6 50. h4 Ke6 51. Bc2 h5 
52. Bd3 Bc6 53. Bc4+ Kf6 54. Be2 Bxa4 55. Kc4 Ke6 56. Kxc5 Bd7 57. Bd3 Ke7 
58. Bf1 a4 59. Kb4 Kd6 60. Be2 Ke7 61. Bc4 Bc6 62. Bd3 Kd6 63. Bc4 Ke7 
64. Ba2 Kf6 65. Bc4 Ke7 1/2-1/2

[Event "Saturday 20 January Rapid Engine Tour 12+1 Rounds 9 Starts 1600 ST"]
[Site "Infinity Chess"]
[Date "2018.1.20"]
[Round "5"]
[White "Neoxium"]
[Black "RonWeasley"]
[Result "1/2-1/2"]
[ECO "A05"]
[WhiteElo "2490"]
[BlackElo "2479"]
[WhiteEngine "SF SL FA-IDeA"]
[BlackEngine "BrainFish 130117_CTG"]
[EventType "Swiss"]
[WhiteTeam ""]
[BlackTeam ""]
[PlyCount "174"]
[TimeControl "720+1"]

1. Nf3 Nf6 2. g3 d5 3. Bg2 e6 4. b3 c5 5. O-O Nc6 6. Bb2 Be7 7. d4 O-O 
8. dxc5 Bxc5 9. c4 d4 10. a3 a5 11. b4 axb4 12. axb4 Rxa1 13. Bxa1 Bxb4 
14. Nxd4 Bd7 15. Nc3 Na5 16. Ne4 Be7 17. Qd3 Qc8 18. Nxf6+ Bxf6 19. Nb3 Nxb3 
20. Qxb3 Bc6 21. Bxf6 gxf6 22. Bxc6 Qxc6 23. Qc3 Kg7 24. Qd4 Rc8 25. Qg4+ Kf8 
26. Rc1 Qc5 27. Qf3 Qd4 28. e3 Qb2 29. Qd1 Qb4 30. Qd4 Kg7 31. Qg4+ Kf8 
32. Qf4 Kg7 33. Qg4+ Kf8 34. Qh4 Kg7 35. Kg2 Qc5 36. Qg4+ Qg5 37. Qd4 Qc5 
38. Qxc5 Rxc5 39. Rb1 Rxc4 40. Rxb7 Rc5 41. Kf3 h5 42. Kg2 Rc4 43. Rb5 Kg6 
44. Kf3 Rc3 45. h3 Rc4 46. h4 f5 47. Ke2 Kf6 48. Kf3 Rc2 49. Rb6 Rc8 50. Rb5 Rc7 
51. e4 Rc3+ 52. Kg2 Rc4 53. exf5 exf5 54. Kf3 Rc3+ 55. Kf4 Rc4+ 56. Ke3 Rc3+ 
57. Kd2 Rc4 58. f3 Rd4+ 59. Ke3 Ra4 60. f4 Kg6 61. Kf3 Ra3+ 62. Kf2 f6 
63. Rb7 Ra2+ 64. Kf3 Ra1 65. Rb3 Ra4 66. Rb6 Ra1 67. Kf2 Ra2+ 68. Ke1 Ra1+ 
69. Kd2 Ra2+ 70. Ke1 Ra1+ 71. Kd2 Ra4 72. Ke2 Ra3 73. Rb8 Ra1 74. Kf2 Kf7 
75. Rb3 Kg7 76. Rb7+ Kg6 77. Rb6 Kf7 78. Kf3 Kg7 79. Rb5 Ra3+ 80. Ke2 Ra2+ 
81. Kf3 Ra3+ 82. Ke2 Rxg3 83. Rxf5 Rg4 84. Rxh5 Rxf4 85. Kd2 Rf3 86. Ra5 Rf2+ 
87. Ke3 Rh2 1/2-1/2

[Event "Saturday 20 January Rapid Engine Tour 12+1 Rounds 9 Starts 1600 ST"]
[Site "Infinity Chess"]
[Date "2018.1.20"]
[Round "5"]
[White "star99"]
[Black "Deep_Impact"]
[Result "1/2-1/2"]
[ECO "D31"]
[WhiteElo "2438"]
[BlackElo "2532"]
[WhiteEngine "Cryptic AIL V1"]
[BlackEngine "BrainFish_180113_x64_modern"]
[EventType "Swiss"]
[WhiteTeam ""]
[BlackTeam ""]
[PlyCount "86"]
[TimeControl "720+1"]

1. d4 d5 2. c4 e6 3. Nc3 c6 4. e4 dxe4 5. Nxe4 Bb4+ 6. Bd2 Qxd4 7. Bxb4 Qxe4+ 
8. Be2 Na6 9. Ba5 b6 10. Qd6 Bd7 11. Bc3 f6 12. Nf3 Nh6 13. Rd1 Rd8 14. Qa3 Bc8 
15. Nd2 Qf4 16. Bh5+ Nf7 17. O-O c5 18. Qa4+ Ke7 19. Rfe1 Ng5 20. Re3 Rd6 
21. Rde1 Rhd8 22. Nf3 Kf8 23. g3 Qf5 24. Nxg5 Qxg5 25. Bf3 Qg6 26. a3 Qf7 
27. Qc2 h6 28. b4 Kg8 29. Be4 Nb8 30. Bg6 Qe7 31. Qa4 Qd7 32. b5 e5 33. f4 f5 
34. Bh5 e4 35. Be5 Rd3 36. Rxd3 exd3 37. Bxb8 d2 38. Re3 Qd4 39. Kf2 Be6 
40. Bc7 Rd7 41. Bb8 Rd8 42. Bc7 Rd7 43. Bb8 Rd8 1/2-1/2

[Event "Saturday 20 January Rapid Engine Tour 12+1 Rounds 9 Starts 1600 ST"]
[Site "Infinity Chess"]
[Date "2018.1.20"]
[Round "4"]
[White "Eman"]
[Black "RonWeasley"]
[Result "1/2-1/2"]
[ECO "E10"]
[WhiteElo "2467"]
[BlackElo "2480"]
[WhiteEngine "Eman 1.64b 64-bit POPCNT"]
[BlackEngine "BrainFish 130117_CTG"]
[EventType "Swiss"]
[WhiteTeam ""]
[BlackTeam ""]
[PlyCount "82"]
[TimeControl "720+1"]

1. d4 Nf6 2. c4 e6 3. Nf3 d5 4. Nc3 c6 5. e3 Nbd7 6. Qc2 Bd6 7. Bd3 dxc4 
8. Bxc4 O-O 9. O-O a6 10. Rd1 b5 11. Bd3 Qc7 12. Bd2 c5 13. Ne4 c4 14. Nxd6 Qxd6 
15. Be2 Bb7 16. b3 Bd5 17. Ba5 Rfc8 18. Qb2 Ne4 19. Rdc1 f5 20. Rc2 Rc6 
21. bxc4 bxc4 22. Bb4 Qb8 23. Qa3 a5 24. Be7 Qc7 25. Rac1 Rb8 26. Ng5 Nef6 
27. Nf3 Ne4 28. Ng5 Nef6 29. h4 h6 30. Nh3 Kh7 31. h5 e5 32. dxe5 Nxe5 
33. Nf4 Be4 34. Rc3 Nd5 35. Nxd5 Bxd5 36. Bh4 Rb4 37. Bg3 Rc5 38. Bd3 Be6 
39. Be2 Bd5 40. Bd3 Be6 41. Be2 Bd5 1/2-1/2

[Event "Saturday 20 January Rapid Engine Tour 12+1 Rounds 9 Starts 1600 ST"]
[Site "Infinity Chess"]
[Date "2018.1.20"]
[Round "4"]
[White "tris77"]
[Black "neófito"]
[Result "1/2-1/2"]
[ECO "C77"]
[WhiteElo "2334"]
[BlackElo "2422"]
[WhiteEngine "Raubfisch ME262_GTZ16b2_CTG"]
[BlackEngine "asmFishW_2018-01-12_bmi2"]
[EventType "Swiss"]
[WhiteTeam ""]
[BlackTeam ""]
[PlyCount "77"]
[TimeControl "720+1"]

1. e4 e5 2. Nf3 Nc6 3. Bb5 a6 4. Ba4 Nf6 5. O-O Be7 6. Re1 b5 7. Bb3 d6 
8. c3 Bb7 9. a4 Na5 10. Bc2 c5 11. d4 exd4 12. cxd4 O-O 13. dxc5 dxc5 14. Qe2 c4 
15. e5 Nd5 16. Nc3 Nxc3 17. bxc3 Nb3 18. Rb1 bxa4 19. Qxc4 Bxf3 20. gxf3 Nxc1 
21. Rexc1 a3 22. Rd1 Qc8 23. Qe4 g6 24. Rb7 Qc5 25. Bb3 Rab8 26. Rdd7 Rxb7 
27. Qxb7 Re8 28. f4 Kf8 29. Rd6 Kg7 30. Rd7 Qxc3 31. Kg2 Qc5 32. Rc7 Qb5 
33. Rxe7 Rxe7 34. Qxe7 Qxb3 35. Qf6+ Kg8 36. Qd8+ Kg7 37. Qf6+ Kg8 38. Qd8+ Kg7 
39. Qf6+ 1/2-1/2

[Event "Saturday 20 January Rapid Engine Tour 12+1 Rounds 9 Starts 1600 ST"]
[Site "Infinity Chess"]
[Date "2018.1.20"]
[Round "4"]
[White "Gilgamesch"]
[Black "BraveDevil"]
[Result "1/2-1/2"]
[ECO "B90"]
[WhiteElo "2485"]
[BlackElo "2370"]
[WhiteEngine "BrainFish_171005_x64_bmi2"]
[BlackEngine "Cryptic AIL V1"]
[EventType "Swiss"]
[WhiteTeam ""]
[BlackTeam ""]
[PlyCount "111"]
[TimeControl "720+1"]

1. e4 c5 2. Nf3 d6 3. d4 cxd4 4. Nxd4 Nf6 5. Nc3 a6 6. Be3 e5 7. Nb3 Be7 
8. Bc4 O-O 9. f3 Be6 10. Nd5 Nbd7 11. Nxe7+ Qxe7 12. Bxe6 fxe6 13. O-O d5 
14. exd5 exd5 15. f4 exf4 16. Bxf4 Rae8 17. Qd2 Qe6 18. Rae1 Ne4 19. Qb4 Qc6 
20. Nd4 Qc8 21. Qb3 Qc5 22. Be3 Rxf1+ 23. Kxf1 b5 24. Nf3 Qd6 25. Kg1 Re7 
26. Qd3 Ndf6 27. Bd4 Ng4 28. c3 Nh6 29. Nh4 Ng4 30. Nf3 Nh6 31. Rf1 Nf5 
32. Nh4 Nxh4 33. Qh3 h6 34. Qxh4 Nd2 35. Re1 Rxe1+ 36. Qxe1 Ne4 37. Qh4 Ng5 
38. Qg4 Qe6 39. Qxe6+ Nxe6 40. Be3 Kf7 41. h4 Kf6 42. Kf2 h5 43. Kf3 Ke5 
44. b3 d4 45. cxd4+ Nxd4+ 46. Bxd4+ Kxd4 47. g4 Kc3 48. gxh5 Kb2 49. Kf4 Kxa2 
50. b4 Kb3 51. Kg5 Kxb4 52. Kg6 a5 53. Kxg7 a4 54. h6 a3 55. h7 a2 56. h8=Q 
1/2-1/2

[Event "Saturday 20 January Rapid Engine Tour 12+1 Rounds 9 Starts 1600 ST"]
[Site "Infinity Chess"]
[Date "2018.1.20"]
[Round "4"]
[White "star99"]
[Black "OlivierEvan"]
[Result "1-0"]
[ECO "D31"]
[WhiteElo "2423"]
[BlackElo "2403"]
[WhiteEngine "Cryptic AIL V1"]
[BlackEngine "Houdini 6"]
[EventType "Swiss"]
[WhiteTeam ""]
[BlackTeam ""]
[PlyCount "107"]
[TimeControl "720+1"]

1. d4 d5 2. c4 e6 3. Nc3 c6 4. e4 dxe4 5. Nxe4 Bb4+ 6. Bd2 Qxd4 7. Bxb4 Qxe4+ 
8. Be2 Na6 9. Ba5 b6 10. Qd6 Bd7 11. Bc3 f6 12. Rd1 O-O-O 13. Qa3 Kb7 
14. Nf3 Nc7 15. Nd4 c5 16. Nc6 Kxc6 17. Kf1 Kb7 18. Bf3 Bc6 19. Rxd8 Qxc4+ 
20. Ke1 Bxf3 21. gxf3 e5 22. Rg1 g5 23. Rg4 Qb5 24. Ra4 a6 25. Qb3 Qxb3 
26. axb3 a5 27. Ra1 Ne6 28. Re8 Nc7 29. Rd8 Ne6 30. Rd6 Nc7 31. Rad1 Ne7 
32. Rxf6 Ned5 33. Rf5 Nxc3 34. bxc3 Nb5 35. Rd3 Na3 36. Rd7+ Ka6 37. Rxe5 Rc8 
38. c4 a4 39. bxa4 Ka5 40. Re6 Rb8 41. Kd2 Kb4 42. Kd3 Kb3 43. Re4 Nc2 
44. Rd6 Rb7 45. Ree6 Ra7 46. Kd2 Nd4 47. Re3+ Kxc4 48. Rc3+ Kb4 49. Rxb6+ Ka5 
50. Rb1 Rc7 51. Re3 Kxa4 52. Re8 Nb3+ 53. Kc3 c4 54. Rb8 1-0